 Dungeon Crawl Stone Soup version 0.31-a0-121-g1e386dd289 (webtiles) character file.

Game seed: 13540660103598767980

4343 pokeman the Thaumaturge (level 10, -1/56 HPs)
             Began as a Deep Elf Hedge Wizard on May 31, 2023.
             Was a Believer of Vehumet.
             Slain by a death yak (23 damage)
             ... on level 8 of the Dungeon.
             The game lasted 00:19:49 (8984 turns).

pokeman the Thaumaturge (Deep Elf Hedge Wizard)     Turns: 8984, Time: 00:19:49

Health: -1/56      AC:  7    Str:  7    XL:     10   Next: 12%
Magic:  13/28      EV: 12    Int: 24    God:    Vehumet [**....]
Gold:   457        SH:  0    Dex: 14    Spells: 22/34 levels left

rFire   . . .        x - +3 spear (venom)
rCold   . . .        (no shield)
rNeg    . . .        z - +0 troll leather armour {Pargi}
rPois   .            c - +0 hat
rElec   .            i - +0 cloak
rCorr   .            (no gloves)
SInv    .            y - +1 pair of boots
Will    ++...        (no amulet)
Stlth   +            a - ring of willpower
HPRegen 1.09/turn    (no ring)
MPRegen 0.21/turn

%: no passive effects
@: confused
A: no striking features
a: Renounce Religion


You were on level 8 of the Dungeon.
You worshipped Vehumet.
Vehumet was pleased with you.
You visited 2 branches of the dungeon, and saw 9 of its levels.
You also visited: Sewer.

You collected 457 gold pieces.

Inventory:

Hand Weapons
 x - a +3 spear of venom (weapon)
 I - a +3 quarterstaff of chaos
Missiles
 p - a throwing net
 D - a curare-tipped dart
Armour
 c - a +0 hat (worn)
 i - a +0 cloak (worn)
 y - a +1 pair of boots (worn)
 z - a +0 troll leather armour (worn) {Pargi}
 H - the +9 scale mail of Nemelex Xobeh's Envy {+Blink}
   (You found it on level 7 of the Dungeon)

   +Blink:    It lets you blink.
Jewellery
 a - a ring of willpower (left hand)
 C - a ring of fire
Wands
 w - a wand of charming (2)
 G - a wand of roots (8)
Scrolls
 e - a scroll of amnesia {unknown}
 f - 5 scrolls of identify {unknown}
 j - a scroll of noise {unknown}
 k - 2 scrolls of immolation {unknown}
 l - 2 scrolls of fog {unknown}
 o - a scroll of butterflies {unknown}
 q - a scroll of poison {unknown}
 r - 2 scrolls of blinking {unknown}
 t - a scroll of enchant weapon {unknown}
 u - 2 scrolls of teleportation {unknown}
 B - 2 scrolls of enchant armour {unknown}
Potions
 b - 2 potions of might {unknown}
 d - 2 potions of magic
 g - a potion of ambrosia {unknown}
 h - 3 potions of curing {unknown}
 m - a potion of invisibility {unknown}
 n - 2 potions of mutation {unknown}
 s - 2 potions of brilliance {unknown}
 v - a potion of degeneration {unknown}
 A - a potion of lignification {unknown}
 E - a potion of attraction {unknown}
 F - a potion of heal wounds {unknown}


   Skills:
 - Level 4.0 Fighting
 + Level 3.1 Armour
 - Level 3.0 Dodging
 - Level 3.0 Stealth
 * Level 12.8 Spellcasting
 + Level 7.2 Conjurations
 - Level 1.1 Summonings
 - Level 1.1 Translocations
 + Level 6.4 Fire Magic
 - Level 1.0 Air Magic
 - Level 1.1 Poison Magic
 - Level 1.1 Evocations


You had 22 spell levels left.
You knew the following spells:

 Your Spells              Type           Power      Damage    Failure   Level
a - Magic Dart            Conj           100%       1d8       1%          1
b - Mephitic Cloud        Conj/Pois/Air  30%        N/A       4%          3
c - Call Imp              Summ           40%        N/A       5%          2
d - Blink                 Tloc           40%        N/A       5%          2
e - Flame Wave            Conj/Fire      48%        2d12      3%          4

Your spell library contained the following spells:

 Spells                   Type           Power      Damage    Failure   Level
 Poisonous Vapours        Pois/Air       40%        N/A       5%          2
 Searing Ray              Conj           100%       2d8       1%          2
 Sticky Flame             Conj/Fire      48%        2d7       3%          4
 Inner Flame              Hex/Fire       30%        N/A       4%          3
 Slow                     Hex            60%        N/A       6%          1
 Cigotuvi's Dreadful Rot  Necr/Pois/Air  36%        N/A       7%          2
 Ensorcelled Hibernation  Hex/Ice        30%        N/A       9%          2
 Fulminant Prism          Conj/Hex       16%        3d11      13%         4
 Spider Form              Tmut/Pois      18%        N/A       14%         3
 Frozen Ramparts          Ice            30%        1d5       17%         3
 Ozocubu's Armour         Ice            15%        N/A       17%         3
 Summon Ice Beast         Ice/Summ       18%        N/A       41%         4
 Anguish                  Hex/Necr       7%         N/A       50%         4
 Ice Form                 Ice/Tmut       15%        N/A       50%         4
 Leda's Liquefaction      Hex/Erth       7%         N/A       50%         4
 Lee's Rapid Deconstruct  Erth           7%         3d7*      85%         5
 Metabolic Englaciation   Hex/Ice        7%         N/A       85%         5
 Leda's Unmaking          Conj/Erth      16%        9d3       90%         6
 Simulacrum               Ice/Necr       7%         N/A       100%        6
 Statue Form              Tmut/Erth      10%        N/A       100%        6


Dungeon Overview and Level Annotations

Branches:
Dungeon (8/15)             Temple (1/1) D:5           Sewer (visited)
   Lair: D:8-11

Altars:
Ashenzari
Dithmenos
Fedhas
Gozag
Hepliaklqana
Makhleb
Okawaru
Sif Muna
Vehumet
Wu Jian
Xom
Zin
The Shining One

Shops:
D:5 [


Message History

The ball explodes into a vile cloud!
The stinking cloud engulfs the death yak but does no damage.
The death yak is lightly wounded.
The stinking cloud engulfs you but does no damage.
You hear a bellow!
The death yak is engulfed in noxious fumes.
The death yak appears confused.
The death yak is engulfed in noxious fumes.
The death yak is engulfed in noxious fumes. x3
The death yak gores the death yak but does no damage.
You feel stable enough to blink again.
The death yak is engulfed in noxious fumes.
The death yak gores you.
A shadow imp comes into view.
The death yak is engulfed in noxious fumes.
The death yak appears confused.
The death yak completely misses the death yak.
The death yak gores itself!!
The death yak is engulfed in noxious fumes.
You see here a death yak skeleton.
The death yak attacks as you move away! The death yak closely misses you.
The death yak gores the death yak!
Casting: Mephitic Cloud (dangerous; 4% risk of failure)
Confirm with . or Enter, or press ? or * to list all spells.
Aiming: Mephitic Cloud (dangerous; 4% risk of failure)
Press: ? - help, Shift-Dir - straight line, f/p - death yak
Aim: a death yak (moderately wounded, confused, chance to affect: 34%) That beam is likely to hit you.
Continue anyway?
The ball explodes into a vile cloud!
The stinking cloud engulfs the death yak but does no damage.
The death yak is almost dead.
The stinking cloud engulfs the death yak but does no damage.
The stinking cloud engulfs you but does no damage.
You are engulfed in noxious fumes.
You choke on the stench!
You are confused.
The death yak is engulfed in noxious fumes.
The death yak appears confused.
The death yak is engulfed in noxious fumes.
The death yak gores you!!
You die...

##########
#....Y...# #
#.######.#
.##.##.# #.#
.....Y.######†#
Y..Y##..5Y..#.#
####### ..#
#.####.#.##
#....<# . #.#
#..Y.###.....#
#.#
#.°Y.Y@...)..#
..#
##..☼###..)..#
..# ##Y##
#.)[).# #...
###
###.########
#.## #
#........# #.
#.# #..#####.#
## #.# #####..#
#.# #.###..#
#......# #.# #
#.#.#.#
#.##...## #.#


You could see 4 death yaks.

Vanquished Creatures
  2 death yaks (D:8)
  Prince Ribbit (D:7)
  A wyvern (D:8)
  Edmund (D:5)
  2 water moccasins (D:7)
  Pargi (Sewer)
  3 black bears
  An ice beast (D:6)
  An ogre (D:4)
  3 centaurs
  2 kobold brigands
  A gnoll sergeant (D:6)
  A bullfrog (D:7)
  6 scorpions
  5 wights (D:8)
  A howler monkey (D:6)
  5 jellies
  A hound (D:4)
  2 orc priests
  Crazy Yiuf (D:7)
  A sleepcap (D:5)
  2 iguanas
  4 orc wizards (D:8)
  Terence (D:2)
  14 gnolls
  9 adders
  A white imp (D:6)
  5 worms
  3 dart slugs
  14 orcs
  8 endoplasms
  3 giant cockroaches
  16 goblins
  4 hobgoblins
  2 jackals (Sewer)
  4 quokkas
  7 ball pythons
  6 bats
  A frilled lizard (D:2)
  20 kobolds
  6 rats
172 creatures vanquished.

Vanquished Creatures (collateral kills)
  A sleepcap (D:5)
  A gnoll (D:6)
2 creatures vanquished.

Grand Total: 174 creatures vanquished

Notes
Turn   | Place    | Note
-------+----------+-------------------------------------------
     0 | D:1      | pokeman the Deep Elf Hedge Wizard began the quest for the
                  | Orb.
     0 | D:1      | Reached XP level 1. HP: 10/10 MP: 7/7
     2 | D:1      | Noticed a spriggan
     2 | D:1      | Noticed a troll
     4 | D:1      | Noticed a vampire
     4 | D:1      | Noticed a demigod
     6 | D:1      | Noticed a ghoul
     6 | D:1      | Noticed a tengu
     8 | D:1      | Noticed a human
     8 | D:1      | Noticed a naga
    10 | D:1      | Noticed a formicid
    10 | D:1      | Noticed a gargoyle
    12 | D:1      | Noticed an armataur
    14 | D:1      | Noticed an ogre
    14 | D:1      | Noticed a demonspawn
    16 | D:1      | Noticed an octopode
    18 | D:1      | Noticed an elf
    18 | D:1      | Noticed a draconian
    20 | D:1      | Noticed a minotaur
    20 | D:1      | Noticed a merfolk
    22 | D:1      | Noticed a meteoran
    24 | D:1      | Noticed a felid
    24 | D:1      | Noticed a spriggan
    26 | D:1      | Noticed an ogre
    26 | D:1      | Noticed a tengu
   450 | D:1      | Reached XP level 2. HP: 16/16 MP: 4/9
  1290 | D:2      | Reached skill level 5 in Spellcasting
  1345 | D:2      | Reached XP level 3. HP: 20/20 MP: 5/11
  1349 | D:2      | Learned a level 3 spell: Mephitic Cloud
  1352 | D:2      | Learned a level 2 spell: Call Imp
  1355 | D:2      | Learned a level 2 spell: Blink
  1581 | D:2      | Reached skill level 1 in Armour
  1698 | D:2      | Reached skill level 1 in Fighting
  2144 | D:2      | Noticed Terence
  2154 | D:2      | Killed Terence
  2155 | D:2      | Reached XP level 4. HP: 17/25 MP: 6/13
  2495 | D:3      | Reached skill level 6 in Spellcasting
  2501 | D:3      | Reached XP level 5. HP: 25/29 MP: 4/15
  2693 | D:3      | Reached skill level 1 in Air Magic
  2693 | D:3      | Reached skill level 1 in Poison Magic
  2761 | D:3      | Found a faded altar of an unknown god.
  2869 | D:3      | Learned a level 4 spell: Flame Wave
  3062 | D:4      | Reached XP level 6. HP: 29/34 MP: 11/17
  3227 | D:4      | Reached skill level 1 in Fire Magic
  3410 | D:4      | HP: 1/34 [ogre/+0 giant club (7)]
  3651 | D:4      | Reached skill level 7 in Spellcasting
  3872 | D:4      | Reached XP level 7. HP: 17/39 MP: 12/20
  4046 | D:5      | Entered Level 5 of the Dungeon
  4074 | D:5      | Reached skill level 8 in Spellcasting
  4277 | D:5      | Noticed Edmund
  4297 | D:5      | Killed Edmund
  4396 | D:5      | Found a staircase to the Ecumenical Temple.
  4406 | Temple   | Entered the Ecumenical Temple
  4478 | Temple   | Became a worshipper of Vehumet
  5060 | D:5      | Reached XP level 8. HP: 44/44 MP: 16/22
  5219 | D:5      | Reached skill level 9 in Spellcasting
  5350 | D:5      | Reached skill level 1 in Evocations
  5532 | D:5      | Found Notobax's Armour Emporium.
  5636 | D:5      | Found a shimmering blue altar of Sif Muna.
  5969 | D:6      | Reached skill level 5 in Conjurations
  6154 | D:6      | Found a glowing drain.
  6163 | D:6      | Reached * piety under Vehumet
  6163 | D:6      | Offered knowledge of Freeze by Vehumet.
  6171 | Sewer    | Entered a sewer
  6243 | Sewer    | Noticed Pargi
  6265 | Sewer    | Killed Pargi
  6266 | Sewer    | Reached skill level 10 in Spellcasting
  7210 | D:7      | Noticed Prince Ribbit
  7227 | D:7      | Killed Prince Ribbit
  7228 | D:7      | Reached XP level 9. HP: 47/49 MP: 22/25
  7365 | D:7      | Found a broken altar of Ashenzari.
  7366 | D:7      | Found a glowing silver altar of Zin.
  7451 | D:7      | Reached skill level 5 in Fire Magic
  7455 | D:7      | Reached skill level 11 in Spellcasting
  7475 | D:7      | Found a runed translucent door.
  7476 | D:7      | Noticed Crazy Yiuf
  7660 | D:7      | Identified the +9 scale mail of Nemelex Xobeh's Envy
                  | {+Blink}
  8185 | D:7      | Killed Crazy Yiuf
  8610 | D:8      | Offered knowledge of Poisonous Vapours by Vehumet.
  8611 | D:8      | Reached ** piety under Vehumet
  8682 | D:8      | Noticed a death yak
  8719 | D:8      | Killed a death yak
  8720 | D:8      | Reached skill level 12 in Spellcasting
  8827 | D:8      | Noticed a death yak
  8851 | D:8      | Killed a death yak
  8852 | D:8      | Reached XP level 10. HP: 26/56 MP: 16/28
  8918 | D:8      | Noticed a death yak
  8919 | D:8      | Noticed a death yak
  8946 | D:8      | Noticed a death yak
  8946 | D:8      | Noticed a death yak
  8946 | D:8      | Noticed a death yak
  8984 | D:8      | Slain by a death yak

Illustrated notes

Levels and vault maps discovered:
D:1:      kb_arrival_jail, layout_loops_corners, hangedman_decor_growths,
          solitary_fountain
D:2:      layout_basic, uniq_terence
D:3:      layout_rooms, shapermc_ecumenical_altar_petra
D:4:      layout_cave_pools, minmay_ogre_servants
D:5:      minmay_octagon_keep, layout_layer_cave, lemuel_coloured_pillars_altar,
          minmay_temple_entry_mini_moons, serial_shops, shop, uniq_edmund
D:6:      layout_gridville, portal_sewer_entry_b, nicolae_hexahallways,
          minmay_hedge_maze
D:7:      layout_basic, mainiacjoe_overflow_divided_tiny,
          kennysheep_generic_room_12, uniq_crazy_yiuf_cottage,
          uniq_prince_ribbit1
D:8:      layout_loops_ring, dpeg_lair_monsters, minmay_misc_feat_rows
Temple:   nicolae_temple_bog_church

Skill      XL: |  1  2  3  4  5  6  7  8  9 |
---------------+----------------------------+-----
Spellcasting   | 5 6 7 8 10 12 | 12.8
Armour         | 1 3 |  3.1
Conjurations   | 2 3 4 5 7 |  7.2
Fighting       | 1 2 4 |  4.0
Dodging        | 3 |  3.0
Stealth        | 3 |  3.0
Air Magic      | 1 |  1.0
Poison Magic   | 1 |  1.1
Fire Magic     | 1 3 4 6 |  6.4
Evocations     | 1 |  1.1
Summonings     | |  1.1
Translocations | |  1.1

Action                     |  1- 3 |  4- 6 |  7- 9 | 10-12 || total
---------------------------+-------+-------+-------+-------++-------
  Melee: Dagger            |    32 |     3 |       |       ||    35
         Spear             |       |    53 |   146 |    13 ||   212
         Punch             |       |       |     1 |       ||     1
  Throw: Throwing net      |       |       |       |     1 ||     1
   Cast: Magic Dart        |   101 |    94 |   105 |     1 ||   301
         Mephitic Cloud    |     2 |     7 |    28 |     5 ||    42
         Call Imp          |     2 |       |     2 |       ||     4
         Blink             |       |     1 |     1 |     1 ||     3
         Flame Wave        |       |       |    16 |     1 ||    17
   Stab: Confused          |       |     7 |    17 |     2 ||    26
         Distracted        |       |       |     1 |       ||     1
 Armour: Robe              |     8 |     7 |     7 |       ||    22
         Troll leather arm |       |       |    20 |     1 ||    21
  Dodge: Dodged            |    25 |    27 |    75 |     8 ||   135

Table legend: (Time is in decaauts)
 A = Elapsed time spent in this place.
 B = Non-inter-level travel time spent in this place.
 C = Inter-level travel time spent in this place.
 D = Time resting spent in this place.
 E = Time spent auto-exploring this place.
 F = Levels seen in this place.
 G = Mean time per level.
                   A        B        C        D        E       F      G
               +--------+--------+--------+--------+--------+-----+--------+
         Total |   9015 |   8782 |    233 |    423 |   7002 |  10 |  901.5 |
       Dungeon |   8730 |   8510 |    220 |    423 |   6806 |   8 | 1091.2 |
        Temple |     87 |     74 |     13 |      0 |     61 |   1 |   87.0 |
         Sewer |    196 |    196 |      0 |      0 |    135 |   1 |  196.0 |
               +--------+--------+--------+--------+--------+-----+--------+

Top non-repeatable levels by time:
     D:5: 1835 daAuts
     D:1: 1309 daAuts
     D:7: 1081 daAuts
     D:2: 1044 daAuts
     D:6: 988 daAuts
     D:4: 871 daAuts
     D:3: 826 daAuts
     D:8: 774 daAuts
   Sewer: 196 daAuts
  Temple: 87 daAuts
